 Dungeon Crawl Stone Soup version 0.19.0-2-gae57169 (webtiles) character file.

46 Patchouli the Firebug (level 3, 0/40 HPs)
             Began as a Demigod Fire Elementalist on Nov 6, 2016.
             Succumbed to an adder's poison
             ... on level 2 of the Dungeon.
             The game lasted 00:05:50 (922 turns).

Patchouli the Firebug (Demigod Fire Elementalist)    Turns: 922, Time: 00:05:50

Health: 0/40       AC: 21    Str:  9 (11) XL:     3   Next: 26%
Magic:  8/8        EV:  2    Int: 20 (21) God:
Gold:   68         SH:  0    Dex: 14 (16) Spells: 2 memorised, 2 levels left

rFire  . . .     SeeInvis .     (no weapon)
rCold  . . .     Gourm    .     (armour currently unavailable)
rNeg   + + +     Faith    .     (no shield)
rPois  +         Spirit   .     (helmet currently unavailable)
rElec  .         Reflect  .     (cloak currently unavailable)
rCorr  .         Harm     .     (gloves currently unavailable)
MR     .....     NoTele   +     (boots currently unavailable)
Stlth  ++........               (no amulet)
                                (no ring)
                                (no ring)

@: lethally poisoned (0 -> -3), tree-form
A: high mp 1
a: no special abilities


You were on level 2 of the Dungeon.
You were hungry.
You were a tree.
You visited 1 branch of the dungeon, and saw 3 of its levels.

You collected 68 gold pieces.

Inventory:

Armour
 a - a +0 robe (melded)
 h - a +0 pair of gloves (melded)
 j - a +0 pair of boots (melded)
Scrolls
 f - 2 scrolls of teleportation
 g - a scroll of magic mapping
 i - a scroll of identify
Books
 b - a book of Flames

   Spells                             Type                      Level
   a - Flame Tongue                   Conjuration/Fire             1
   b - Throw Flame                    Conjuration/Fire             2
   c - Conjure Flame                  Conjuration/Fire             3
   d - Inner Flame                    Hexes/Fire                   3
   e - Sticky Flame                   Conjuration/Fire             4
   f - Fireball                       Conjuration/Fire             5
Comestibles
 c - a bread ration
 d - 2 chunks of flesh


   Skills:
 + Level 0.8 Fighting
 + Level 2.0 Dodging
 - Level 1.7 Stealth
 * Level 2.1 Spellcasting
 * Level 1.4 Conjurations
 * Level 3.2 Fire Magic


You had 2 spell levels left.
You knew the following spells:

 Your Spells              Type           Power        Failure   Level  Hunger
a - Flame Tongue          Conj/Fire      ##...        10%         1    #......
c - Conjure Flame         Conj/Fire      ##......     21%         3    ###....


Dungeon Overview and Level Annotations

Branches:
Dungeon (3/15)

Annotations:
D:3 Robin


Innate Abilities, Weirdness & Mutations

You have an increased reservoir of magic. (+10% MP)


Message History

You don't have any unidentified items.
The adder bites you but does no damage. x2
You completely miss the adder. The adder bites you but does no damage.
You hit the adder but do no damage. The adder bites you but does no damage.
You hit the adder.
The adder is moderately wounded.
The adder bites you.
* * * LOW HITPOINT WARNING * * *
You are lethally poisoned!
The adder poisons you! The adder bites you but does no damage.
You hit the adder.
The adder is heavily wounded.
* * * LOW HITPOINT WARNING * * *
You feel sick. The adder bites you but does no damage.
You completely miss the adder.
The adder is heavily wounded.
The adder bites you but does no damage.
You hit the adder but do no damage.
The adder is heavily wounded.
You die...

#################
#.............)♣#
#.#############S#
##.# #.# ##.# #.#
##÷# #.# ##.#
#.###########
##.#
#...........#
##<#***
###########.#
......# #.#


You could see an adder.

Vanquished Creatures
  A dart slug (D:1)
  2 leopard geckos (D:2)
  2 orcs
  2 giant cockroaches (D:2)
  4 goblins
  3 hobgoblins (D:1)
  7 jackals
  A quokka (D:2)
  A ball python (D:2)
  5 bats (D:2)
  3 frilled lizards
  2 kobolds
  4 rats (D:2)
37 creatures vanquished.

Notes
Turn   | Place    | Note
-------+----------+-------------------------------------------
     0 | D:1      | Patchouli the Demigod Fire Elementalist began the quest for the Orb.
     0 | D:1      | Reached XP level 1. HP: 14/14 MP: 5/5
    13 | D:1      | Reached skill level 1 in Conjurations
    99 | D:1      | Reached skill level 3 in Fire Magic
   175 | D:1      | Reached XP level 2. HP: 20/20 MP: 0/7
   310 | D:2      | Found a stormy altar of Qazlal.
   311 | D:2      | Noticed a fire elemental
   312 | D:2      | Noticed a water elemental
   313 | D:2      | Noticed an air elemental
   313 | D:2      | Noticed an earth elemental
   428 | D:3      | Noticed Robin
   497 | D:2      | Found a glowing golden altar of the Shining One.
   662 | D:2      | Reached XP level 3. HP: 27/27 MP: 1/8
   684 | D:2      | Learned a level 3 spell: Conjure Flame
   910 | D:2      | HP: 2/40 [orc/flail (3)]
   919 | D:2      | HP: 2/40 [adder (1)]
   922 | D:2      | Succumbed to an adder's poison

Skill      XL: |  1  2 |
---------------+-------+-----
Conjurations   | 1 |  1.4
Fire Magic     | 3 |  3.2
Spellcasting   | 2 |  2.1
Dodging        | 2 |  2.0
Fighting       | |  0.8
Stealth        | |  1.7

Action                   || total
-------------------------++-------
Melee: Unarmed           ||    56
 Cast: Flame Tongue      ||    60
       Conjure Flame     ||     2
  Use: Scroll            ||     3
       Potion            ||     3
Armor: Robe              ||    19
       Skin              ||    16
Dodge: Dodged            ||    81
